 Dungeon Crawl Stone Soup version 0.20-a0-1016-g241539b (webtiles) character file.

4 JimmahDean the Insei (level 1, 0/13 HPs)
             Began as an Octopode Transmuter on Apr 15, 2017.
             Slain by a jackal (1 damage)
             ... on level 1 of the Dungeon.
             The game lasted 00:00:43 (67 turns).

JimmahDean the Insei (Octopode Transmuter)            Turns: 67, Time: 00:00:43

Health: 0/13       AC:  1    Str:  9    XL:     1   Next: 60%
Magic:  2/3        EV: 13    Int: 15    God:
Gold:   12         SH:  0    Dex: 12    Spells: 3/4 levels left

rFire    . . .     SeeInvis .     - Unarmed
rCold    . . .     Gourm    .   (no shield)
rNeg     . . .     Faith    .   (helmet restricted)
rPois    .         Spirit   .   (no amulet)
rElec    .         Reflect  .   (no ring)
rCorr    .         Harm     .   (no ring)
MR       .....                  (no ring)
Stlth    ++........             (no ring)
Regen    0.1/turn               (no ring)
MPRegen  0.1/turn               (no ring)
                                (no ring)
                                (no ring)

@: appendage
A: almost no armour, stealthy swim, amphibious, 8 rings, constrict 8, tentacle
spike 3, camouflage 1, gelatinous body 1
a: End Transformation


You were on level 1 of the Dungeon.
You were not hungry.
One of your tentacles had a temporary spike.
You visited 1 branch of the dungeon, and saw 1 of its levels.

You collected 12 gold pieces.

Inventory:

Missiles
 a - 12 arrows
 e - 23 stones (quivered)
Potions
 d - a potion of invisibility {unknown}
Books
 b - a book of Changes

   Spells                             Type                      Level
   a - Beastly Appendage              Transmutation                1
   b - Sticks to Snakes               Transmutation                2
   c - Spider Form                    Transmutation/Poison         3
   d - Ice Form                       Ice/Transmutation            4
   e - Blade Hands                    Transmutation                5
Comestibles
 c - a bread ration {@e1}


   Skills:
 - Level 1.0 Fighting
 - Level 2.0 Dodging
 - Level 3.0 Unarmed Combat
 - Level 2.0 Spellcasting
 + Level 2.4 Transmutations


You had 3 spell levels left.
You knew the following spells:

 Your Spells              Type           Power        Failure   Level  Hunger
a - Beastly Appendage     Tmut           #.....       12%         1    #......


Dungeon Overview and Level Annotations

Branches:
Dungeon (1/15)

Altars:


Innate Abilities, Weirdness & Mutations

You cannot wear most types of armour.
You are very stealthy in the water. (Stealth+)
You are amphibious.
You can wear up to eight rings at the same time.
You can use your tentacles to constrict eight enemies at once.
Your skin changes colour to match your surroundings (Stealth+).
Your rubbery body absorbs attacks. (AC +1, EV +1)
One of your tentacles bears a large vicious spike.


Message History

The goblin closely misses you.
You now have 2/3 mp.
You tentacle-slap the goblin. You grab the goblin.
You pierce the goblin.
You squeeze the goblin, but do no damage.
You constrict the goblin.
You kill the goblin!
You tentacle-slap the jackal. Your grab misses the jackal.
You pierce the jackal, but do no damage.
The jackal bites you but does no damage.
The jackal bites you.
* * * LOW HITPOINT WARNING * * *
You take 2 damage, and have 4/13 hp.
You closely miss the jackal. Your grab misses the jackal.
Your tentacle spike misses the jackal.
The jackal bites you.
* * * LOW HITPOINT WARNING * * *
You take 3 damage, and have 1/13 hp.
MASSIVE DAMAGE!!
You closely miss the jackal. Your grab misses the jackal.
You pierce the jackal, but do no damage.
The jackal bites you.
You die...

#. #.# #+########.##.##.#
....##..≈##.#.##.#
.....#..≈≈#.#.##.#
.<...'..§≈#...##.#
.....#..§≈#.#.##.# ##
....##..≈##.#.##.# [.g
#'########.##..#g###+#+#.#
...# ##.###.#@#.....h###
...# ####.####.#h#....(....
#'####...##......#.........
......#####.##...#......###
####### # #...'..hg.....
#.#.#........#
#...#........#
##..#####....# #..# ...K.


You could see a jackal and a hobgoblin.

Vanquished Creatures
  A giant cockroach (D:1)
  A goblin (D:1)
  A jackal (D:1)
3 creatures vanquished.

Notes
Turn   | Place    | Note
-------+----------+-------------------------------------------
     0 | D:1      | JimmahDean the Octopode Transmuter began the quest for the Orb.
     0 | D:1      | Reached XP level 1. HP: 13/13 MP: 3/3
    67 | D:1      | Slain by a jackal

Vault maps used:
D:1:      dpeg_arrival_another_circle

Action                   || total
-------------------------++-------
Melee: Unarmed           ||    11
       Constrict         ||     3
       Kick              ||     3
       Tentacles         ||     1
 Cast: Beastly Appendage ||     1
Armor: Skin              ||     1
Dodge: Dodged            ||     3
